[Event "Bangabandhu Premier Div League 2022"]
[Site "Dhaka"]
[Date "2022.12.09"]
[Round "10.4"]
[White "Reefat, Bin-Sattar"]
[Black "Jabed Al Azad"]
[Result "1-0"]
[ECO "B12"]
[WhiteElo "2367"]
[BlackElo "2084"]
[Annotator "TA"]
[PlyCount "93"]
[EventDate "2022.12.01"]
[EventCountry "BAN"]
[SourceTitle "playchess.com"]
[Source "ChessBase"]
[SourceQuality "1"]
[TimeControl "40/5400+30:1800+30"]

1. e4 c6 2. d4 d5 3. e5 Bf5 4. c4 e6 5. Nc3 Nd7 6. cxd5 cxd5 7. h4 {[%emt 0:00:30] g4 is the strong threat. B12: Caro-Kann: Advance Variation.} h6 8. h5 {[%emt 0:00:30] [#]} a6 $146 ({Predecessor:} 8... Ne7 9. g4 Bh7 10. Bd3 Bxd3 11. Qxd3 Nc6 12. f4 Qb6 13. Nf3 O-O-O 14. O-O Kb8 {½-½ (37) Nevednichy,V (2601)-Polak,T (2507) Hungary 2010}) 9. g4 {[%emt 0:15:58] White has an edge.} Bh7 10. Bd3 Bxd3 11. Qxd3 Ne7 12. f4 Qb6 13. Nf3 Nc6 14. Bd2 Bb4 15. Ne2 Qb5 16. Qxb5 axb5 17. f5 Nb6 18. b3 {[%emt 0:00:00] Inhibits Nc4.} Be7 19. O-O exf5 20. gxf5 Bg5 21. Rfd1 f6 22. Nc3 b4 (22... O-O $5 ) 23. Nb5 {[%emt 0:00:30] And now Nc7+ would win.} O-O 24. Nxg5 hxg5 25. e6 (25. Rf1 {simplifies} fxe5 26. dxe5 Nxe5 27. Bxg5 Ra5 28. Nd4) 25... Rab8 (25... Rfd8 $11) 26. Be1 Nc8 $1 27. Bg3 Ra8 28. Bd6 (28. Rd2 $1 $14) 28... N8e7 29. Rf1 Ra5 (29... Rfd8 $11 {remains equal.}) 30. Bxe7 $1 $16 {[%emt 0:00:00] White is much more active.} Nxe7 31. Nd6 Rfa8 32. Rac1 ({Better is} 32. Rf2 $16) 32... Rxa2 $11 33. Rc7 $36 {[%emt 0:00:30][%mdl 2048] White is pushing.} Rd2 34. Rf2 (34. Nxb7 $2 {is the wrong capture.} Raa2 $1 35. Rf3 (35. Rxe7 $2 {leads to mate.} Rg2+ 36. Kh1 Rh2+ 37. Kg1 Rag2#) 35... g4 $19) (34. Rxe7 $5 Raa2 $8 35. Rf3 (35. Nxb7 $2 Rg2+ 36. Kh1 Rh2+ 37. Kg1 Rag2#) 35... Rg2+ 36. Kf1 $11) 34... Rxf2 (34... Ra1+ $2 35. Kg2 Rxf2+ 36. Kxf2 Ra2+ 37. Kf3 $18) (34... Rd1+ $11 35. Rf1 Rd2) 35. Kxf2 {[%emt 0:00:30][%mdl 4096] Endgame KRN-KRN} Kf8 36. Rxb7 ({Weaker is} 36. Nxb7 Nxf5 37. Rf7+ Ke8 $17) 36... Rd8 {[%emt 0:00:00] [#]} 37. Ke3 Nc6 $18 38. Nf7 Rb8 39. Rd7 {[%emt 0:00:30] Hoping for Nd6.} Ne7 40. Nd6 Nc6 41. Rc7 (41. Rf7+ $142 Kg8 42. Rc7 Na5 43. e7 g4 44. e8=Q+ Rxe8+ 45. Nxe8 Kf8 46. Nxg7) 41... Ne7 42. Rd7 $2 (42. Kf3 $18 Rd8 {[#]} 43. Rb7 $1) 42... Ra8 $2 (42... Nc6 $11 43. Rf7+ Kg8) 43. Kf3 {[%emt 0:00:30] White is clearly winning.} Rb8 44. Kg4 Ra8 45. Nb5 Rb8 46. Nc7 Rc8 47. Nxd5 {[%emt 0:00:30] Weighted Error Value: White=0.44/Black=0.31} 1-0

[Event "Bangabandhu Premier Div League 2022"]
[Site "Dhaka"]
[Date "2022.12.09"]
[Round "10.4"]
[White "Jamal Uddin"]
[Black "Idani, Pouya"]
[Result "0-1"]
[ECO "A47"]
[WhiteElo "2092"]
[BlackElo "2631"]
[Annotator "TA"]
[PlyCount "120"]
[EventDate "2022.11.30"]
[EventType "team-tourn"]
[EventCountry "BAN"]
[SourceTitle "playchess.com"]
[Source "ChessBase"]
[SourceQuality "1"]
[TimeControl "40/5400+30:1800+30"]

1. d4 Nf6 2. Nf3 e6 3. Bf4 b6 4. Nbd2 Bb7 5. e3 g6 6. h3 {[%emt 0:00:26] A47: 1 d4 Nf6 2 Nf3 b6: Torre, London and Colle Systems.} Bg7 7. Bd3 O-O 8. O-O {[%emt 0:00:33] The position is equal.} d6 9. c3 Nbd7 10. Bh2 Qe7 11. Qe2 a6 12. e4 e5 13. dxe5 dxe5 {[%emt 0:01:20] [#]} 14. Rfd1 $146 ({Predecessor:} 14. Rad1 Nh5 15. Qe3 Rfe8 16. Rfe1 Qf8 17. Bc4 b5 18. Bd5 c6 19. Bb3 Nc5 20. Ng5 {0-1 (46) Anikonov,D (2400)-Riazantsev,A (2671) Khanty-Mansiysk 2016}) 14... Nh5 15. a4 Nf4 16. Bxf4 exf4 17. Bc4 Nc5 18. Re1 Rad8 (18... Qd7 $11) 19. e5 $14 a5 20. Nd4 (20. b4 {feels hotter.} Nd7 21. Rab1 axb4 22. e6) 20... Kh8 (20... Qg5 21. N2f3 Qh5 22. Rad1 $16) 21. N2f3 f6 (21... Ne6 $11 {keeps the balance.}) 22. b4 $16 Ne4 (22... axb4 $16 23. cxb4 Ne4) 23. Qc2 $18 Nxc3 (23... f5 {was called for.}) 24. Qxc3 fxe5 25. Ne6 (25. bxa5 exd4 26. Qd3 Qc5 $17) 25... axb4 26. Qb3 Bxf3 (26... e4 {might work better.}) 27. gxf3 e4 28. Nxd8 Qxd8 29. Rad1 Qg5+ 30. Kh2 e3 31. Rg1 (31. Qxb4 $2 exf2 $19) 31... Qh4 32. Qc2 ({Not} 32. fxe3 fxe3 33. Qxe3 Qxc4 $17) ({Don't take} 32. Rg2 Qe7 33. Qd3 Qe5 $18) 32... c5 33. Rg4 Qe7 34. Qe4 {[%emt 0:02:38] Prevents Bd4.} Qxe4 35. fxe4 b3 {[%emt 0:00:28] [#]} (35... Bd4 {was worth a try.} 36. fxe3 fxe3) 36. Kg2 $4 (36. Bxb3 e2 37. Rc1 f3 $11) (36. fxe3 $1 $18 {was the only winning move.} Be5 37. Bxb3 fxe3+ 38. Kg1) 36... f3+ $19 37. Kh1 $2 (37. Kf1 e2+ 38. Bxe2 fxe2+ 39. Kxe2) 37... e2 38. Rb1 b2 {[%emt 0:02:43] Against e5} 39. e5 Bxe5 {[%emt 0:00:09] Threatens to win with ...Rd8.} 40. Re4 Bd4 41. Kg1 Rf5 {[%emt 0:32:43] aiming for ...Rg5+. The board is on fire.} 42. h4 {[%emt 0:13:34] Inhibits Rg5+.} (42. Bxe2 $17 fxe2 43. Rxe2) 42... Re5 43. Rxe5 Bxe5 44. Bd5 Bc3 45. Bxf3 e1=Q+ ({Stronger than} 45... e1=B 46. Be4 $15) 46. Rxe1 Bxe1 {[%emt 0:00:04][%mdl 4096] Endgame KB-KB} 47. Be4 {[%emt 0:00:09] Prevents b1Q.} Kg7 48. Kg2 Kf6 {[%emt 0:02:53] Strongly threatening ...Ke5.} 49. Kf1 Ke5 50. Bb1 Bc3 {[%emt 0:00:15] And now ...Kf4 would win.} 51. Ke2 Kf4 52. h5 gxh5 {[%emt 0:00:05][%cal Bg6h5,Bh5h4,Bh4h3,Bh3h2][%mdl 32] Black mates.} 53. Bxh7 h4 54. Kf1 Bd4 55. Kg2 c4 56. Bc2 {[%emt 0:00:48] [#]} Bxf2 $1 57. Kxf2 (57. a5 bxa5) 57... h3 58. Bb1 c3 59. Bg6 h2 60. Kg2 Ke5 {[%emt 0:22:22] Weighted Error Value: White=0.70/Black=0.27 (precise)} 0-1

[Event "Bangabandhu Premier Div League 2022"]
[Site "Dhaka"]
[Date "2022.12.09"]
[Round "10.5"]
[White "Rahman, Ziaur"]
[Black "Anata, Choudhury"]
[Result "1-0"]
[ECO "A05"]
[WhiteElo "2464"]
[BlackElo "2176"]
[Annotator "TA"]
[PlyCount "83"]
[EventDate "2022.11.30"]
[EventType "team-tourn"]
[EventCountry "BAN"]
[SourceTitle "playchess.com"]
[Source "ChessBase"]
[SourceQuality "1"]
[TimeControl "40/5400+30:1800+30"]

1. Nf3 Nf6 2. b3 g6 3. Bb2 Bg7 4. g3 O-O 5. Bg2 d5 6. c4 e6 7. O-O b6 8. cxd5 {[%emt 0:01:16] A05: Réti Opening: 1 Nf3 Nf6.} exd5 9. Nc3 Bb7 10. d4 {[%emt 0:03:10] The position is equal.} Nbd7 11. Rc1 a6 12. Ne5 Re8 13. Nd3 Bf8 14. Nf4 c6 {[%emt 0:01:13] [#]} 15. e3 $146 ({Predecessor:} 15. Re1 Bh6 16. e3 Nf8 17. b4 Ne6 18. Nxe6 Rxe6 19. a4 b5 20. Ra1 Ne4 21. Nxe4 dxe4 {½-½ (39) Aguettaz,M (2327)-Delorme,A (2252) Grenoble 2006}) 15... Bd6 16. Qd2 Qe7 17. Rfe1 Ne4 18. Qc2 Rad8 19. Rcd1 h5 20. f3 Nxc3 21. Bxc3 Qg5 22. Nh3 Qh6 23. Bd2 Qg7 24. Nf2 c5 25. dxc5 (25. Bc3 $5 ) 25... Bxc5 26. Nd3 (26. b4 $5 Bf8 27. f4 $14) 26... Bd6 (26... Rc8 $5 27. Nxc5 Rxc5 $14) 27. Bc1 Rc8 28. Qf2 Nc5 29. Nf4 Qe5 (29... Rcd8 $11 {keeps the balance.}) 30. Bb2 $16 Qg5 {[%emt 0:00:18] [#]} (30... Qe7 $16) 31. Nxd5 $1 $18 Bxd5 32. f4 Qe7 {[%emt 0:03:43] Hoping for ...Be4.} 33. Bxd5 (33. Rxd5 f5 34. Qd2 Rcd8) 33... Ne6 34. Kh1 (34. f5 $142 Ng5 35. Kh1 (35. fxg6 $2 Nh3+ 36. Kg2 Nxf2 $19)) 34... Bb4 (34... Nc7 {is a better defense.}) 35. Rf1 Nc7 36. Bb7 {[%emt 0:01:56] A strong pair of Bishops.} Rcd8 37. e4 Nb5 (37... Bc3 $142 38. Rxd8 (38. Bxc3 Rxd1 39. Rxd1 Nb5 $18) 38... Rxd8 39. Bxc3 Nb5) 38. Bc6 {[%emt 0:00:51] Threatens to win with f5.} ({Weaker is} 38. Bxa6 Qxe4+ 39. Qg2 Qxg2+ 40. Kxg2 Re2+ 41. Kh3 (41. Kf3 Rxd1 42. Rxd1 Rxb2 $11) 41... Ra8 42. Bxb5 Rxb2 $14) (38. Qxb6 Rb8 39. Qxa6 Rxb7 $17) 38... Bc5 (38... Rxd1 {was necessary.} 39. Rxd1 Rd8 40. Rxd8+ Qxd8) 39. Qf3 Rf8 40. Bd5 Nc7 (40... Ba3 $18 41. Ba1 Kh7) 41. Qc3 Ne6 42. Qh8# {[%emt 0:00:19] Weighted Error Value: White=0.16 (very precise) /Black=0.53} 1-0

[Event "Bangabandhu Premier Div League 2022"]
[Site "Dhaka"]
[Date "2022.12.09"]
[Round "10.5"]
[White "Murshed, Niaz"]
[Black "Abu Sufian, Shakil"]
[Result "1-0"]
[ECO "D15"]
[WhiteElo "2419"]
[BlackElo "2229"]
[Annotator "TA"]
[PlyCount "125"]
[EventDate "2022.12.01"]
[EventCountry "BAN"]
[SourceTitle "playchess.com"]
[Source "ChessBase"]
[SourceQuality "1"]
[TimeControl "40/5400+30:1800+30"]

1. d4 d5 2. c4 c6 3. Nc3 Nf6 4. e3 a6 5. Nf3 Bf5 6. Qb3 Ra7 {[%emt 0:00:00] D15: Slav Defence: 4 Nc3 a6 and gambit lines after 4 Nc3 dxc4.} 7. Bd2 e6 8. Nh4 Be4 {The position is equal.} 9. c5 Nbd7 (9... h5 $11) 10. f3 $14 Bg6 11. Nxg6 {[%emt 0:00:00] White is more active.} hxg6 {[%emt 0:00:30] [#]} 12. Na4 $146 (12. Bd3 $14 {should be considered.}) ({Predecessor:} 12. Bd3 Be7 13. O-O-O b6 14. cxb6 Qxb6 15. Kc2 Qc7 16. Qa4 O-O 17. Rc1 Rb8 18. Nd1 {0-1 (35) Almeida Saenz,A (2292)-Tello Chavez,I (2270) Charlotte 2021}) 12... Be7 (12... Nh5 $1 $11) 13. O-O-O $16 Qb8 14. g3 e5 15. Be2 Nf8 16. Be1 (16. Bc3 $16) 16... exd4 17. exd4 Ne6 18. Kb1 g5 19. Bf2 Nd7 20. Bd3 g6 (20... O-O $16) 21. Rde1 $18 Rh6 22. Qc2 Kf8 23. f4 Kg7 (23... b5 {was worth a try.}) 24. f5 gxf5 25. Bxf5 Qh8 {[%emt 0:00:00] Prevents h4.} 26. h4 {[%emt 0:00:00] Hoping for Be3.} Ra8 27. Be3 {[%emt 0:01:00] aiming for Rhf1.} Ndf8 (27... Kg8 $142 28. Qf2 Qg7) 28. Rhf1 {[%emt 0:00:30] Black must now prevent Qb3.} Kg8 29. Qd2 Qg7 30. Nc3 Rb8 31. Na4 $2 (31. Ne2 $18) 31... Bf6 $2 (31... Ra8 $1 $11) 32. Rd1 Rh8 33. Nb6 Rd8 (33... gxh4 $2 34. gxh4 Re8 {[#]} 35. Nd7 $1) 34. Qf2 Rh6 (34... Re8 $142 35. Rh1 Rh5) 35. a4 Be7 36. Ka2 Rf6 37. Qe2 Rh6 38. Qf2 Rf6 $1 39. Rde1 Rh6 (39... Nh7 {was called for.} 40. h5 Nhf8) 40. hxg5 Bxg5 41. Bxg5 Nxg5 42. Re7 Rf6 43. g4 ({Less strong is} 43. Rxb7 Ne4 44. Qe3 Qg5 45. Qxg5+ Nxg5 $18) 43... Qh6 44. Qe3 ({Weaker is} 44. Rxb7 Re8 45. Qf4 Kg7 $18) 44... Qh4 (44... Nge6 $142 45. Qe5 Qg5) 45. Qe5 Nge6 46. Rxb7 {[%emt 0:01:00][%cal Of1h1] Rh1! is the strong threat.} Ng7 {[%emt 0:00:30] [#]} (46... Qg5 $142 47. Ra7 Ng6) 47. Rh1 $3 Rxf5 48. gxf5 Qxh1 49. Qe7 Qh5 50. Qxd8 {[%emt 0:00:00] White wants to mate with Nd7.} Qxf5 51. Qh4 Nge6 52. Qg3+ Ng6 53. Nc8 {[%emt 0:00:30] Intending Ne7+ and mate.} Qc2 54. Qb3 Qf2 (54... Qxb3+ 55. Kxb3 Nxd4+ 56. Kc3 Ne2+ 57. Kd3 Nef4+ 58. Kc2 Kg7) 55. Nd6 {[%emt 0:00:30] White is clearly winning.} Nxd4 56. Rb8+ Nf8 57. Qh3 Nde6 58. Qg4+ Kh7 59. Rb3 (59. Rb7 $142 Qf6 60. Rxf7+ Qxf7 61. Nxf7) 59... Ng6 60. Rf3 Qc2 61. Rxf7+ Kg8 62. Rf6 ({And not} 62. Qxe6 Qxa4+ 63. Kb1 Qd1+ 64. Ka2 Qa4+ 65. Kb1 Qd1+ 66. Ka2 Qa4+ $11) 62... Nef8 63. Nf5 {[%emt 0:00:21] Weighted Error Value: White=0.37/Black=0.33} 1-0

[Event "Bangabandhu Premier Div League 2022"]
[Site "Dhaka"]
[Date "2022.12.09"]
[Round "10.6"]
[White "Ghosh, Diptayan"]
[Black "Pantsulaia, Levan"]
[Result "1/2-1/2"]
[ECO "B41"]
[WhiteElo "2544"]
[BlackElo "2597"]
[Annotator "TA"]
[PlyCount "70"]
[EventDate "2022.12.01"]
[EventCountry "BAN"]
[SourceTitle "playchess.com"]
[Source "ChessBase"]
[SourceQuality "1"]
[TimeControl "40/5400+30:1800+30"]

1. e4 c5 2. Nf3 e6 3. d4 cxd4 4. Nxd4 a6 5. c4 Nf6 6. Nc3 Qc7 7. Be2 Nc6 8. O-O Bb4 9. Bg5 {[%emt 0:01:00] is the legacy move (9.Nxc6). B41: Sicilian: Kan Variation: 5 c4.} Bxc3 10. Bxf6 ({But not} 10. bxc3 Nxe4 11. Qc1 O-O $15) 10... gxf6 11. bxc3 {[%emt 0:01:00] White is slightly better.} d6 12. Nxc6 Qxc6 13. Qd4 Ke7 14. Rab1 {[%emt 0:00:30] [#]} e5 $146 ({Predecessor:} 14... Bd7 15. Rfd1 Qc7 16. f4 Rad8 17. Bf3 Bc8 18. Be2 Bd7 19. Qb6 Qxb6+ 20. Rxb6 Bc6 {½-½ (27) Makarov,M (2530)-Marin,M (2530) Elista 1998}) 15. Qe3 Qc5 16. Qxc5 dxc5 17. Rfd1 Rd8 18. Rxd8 Kxd8 $14 {[%emt 0:00:00][%mdl 4096] Endgame KRB-KRB} 19. Rb6 Ke7 20. h3 Be6 (20... Rb8 $14) 21. Rxb7+ $16 Kd6 22. Kf1 {[%emt 0:00:00] White is more active.} Kc6 23. Rb2 Kc7 24. h4 Rb8 25. Rxb8 Kxb8 {[%emt 0:00:00] KB-KB} 26. Ke1 Kc7 27. Kd2 Kd6 28. Ke3 h6 29. g3 (29. Bd3 $16) 29... Ke7 ({Black should play} 29... f5 $1 $14) 30. f4 (30. g4 $16) 30... Kd6 (30... exf4+ $14 31. gxf4 (31. Kxf4 Kd6 $16) 31... f5) 31. a3 (31. f5 $16 Bd7 32. Bh5) 31... a5 32. Kd2 (32. f5 $5 Bd7 33. Kf3 $16) 32... Bd7 33. Ke3 Be6 34. Kd2 (34. f5 $5 Bd7 35. Bd3 $14) 34... Bd7 35. Ke3 Be6 {[%emt 0:00:00] Weighted Error Value: White=0.18 (very precise) /Black=0.12 (very precise)} 1/2-1/2

[Event "Bangabandhu Premier Div League 2022"]
[Site "Dhaka"]
[Date "2022.12.09"]
[Round "10.6"]
[White "Koustav Chatterjee"]
[Black "Chanda, Sandipan"]
[Result "1-0"]
[ECO "A87"]
[WhiteElo "2496"]
[BlackElo "2474"]
[Annotator "TA"]
[PlyCount "93"]
[EventDate "2022.11.30"]
[EventType "team-tourn"]
[EventCountry "BAN"]
[SourceTitle "playchess.com"]
[Source "ChessBase"]
[SourceQuality "1"]
[TimeControl "40/5400+30:1800+30"]

1. d4 f5 2. Nf3 Nf6 3. g3 g6 4. Bg2 Bg7 5. O-O O-O 6. c4 e6 7. Nc3 d5 {[%emt 0:00:07] A87: Dutch Defence: Leningrad System: 5 Nf3.} 8. cxd5 exd5 9. Bg5 c6 {[%emt 0:00:38] White has an edge.} 10. b4 {[%emt 0:00:08] [#]} Qd6 $146 ({Predecessor:} 10... Be6 11. Ne5 Nbd7 12. e3 Qb6 13. Bxf6 Nxf6 14. Qb3 Rae8 15. b5 Ne4 16. Nxe4 dxe4 {0-1 (34) Nguyen,N (2639)-Sandipan,C (2511) Xingtai 2019}) 11. Qb3 Ne4 12. b5 Nxg5 13. Nxg5 {[%emt 0:00:06] Hoping for bxc6.} h6 14. bxc6 bxc6 {[%emt 0:00:15] [#]} 15. Nxd5 $1 {[%emt 0:00:23] White wants to mate with Nf6+.} Kh8 (15... hxg5 16. Nc7+ Kh8 17. Nxa8 $16) 16. Nh3 {[%emt 0:02:47] Pair of Knights!} Na6 {[%emt 0:00:06][%cal Oa8b8] White must now prevent ...Rb8!} (16... cxd5 $2 17. Qxd5 Qxd5 18. Bxd5 $18) 17. Nc3 (17. Ndf4 {with more complications.} Rb8 18. Qa4 g5 19. Rac1) 17... Rb8 $132 {[%emt 0:02:50][%mdl 2048] Prevents Nb5. Black has counterplay} 18. Qd1 g5 19. e3 f4 20. Re1 (20. gxf4 g4 21. Ne4 Qe7 $15) 20... f3 21. Bf1 c5 22. Rb1 (22. Ne4 Qg6 23. Nd2 Nb4 24. Nxf3 Bxh3 25. Bxh3 Nc2 $17) (22. Rc1 $1 $11) 22... cxd4 $17 23. Nb5 Qg6 {[%emt 0:00:32] Threatens to win with ...Bf5.} 24. Nxd4 Qh5 ({Black should try} 24... Rxb1 $15 25. Qxb1 Qxb1 26. Rxb1 Bxd4 27. exd4 Rd8) 25. Kh1 $11 Rxb1 (25... Rb6 $11 {deserves consideration.} 26. Rxb6 axb6) 26. Qxb1 $14 Nc5 27. Rc1 Bxh3 28. Rxc5 Bxf1 29. Qxf1 Bxd4 30. exd4 $16 {[%emt 0:00:02][%mdl 4096] Endgame KQR-KQR} Qg4 31. d5 {[%emt 0:01:29] Strongly threatening h3.} Qd4 {[%emt 0:01:47] Against h3} (31... Re8 $16 {was worth a try.}) 32. Rc7 $1 $18 Re8 33. h3 {[%emt 0:00:47] Qb1 is the strong threat.} Qxd5 34. Qb1 (34. Rxa7 $6 Qd4 35. Rc7 Qe5 $16) 34... Qe4 {[%emt 0:00:17] Against Qh7+} 35. Qb2+ Qe5 36. Qc2 (36. Qxe5+ Rxe5 37. Rxa7 h5 $14) 36... Qe4 {[%emt 0:00:43][%mdl 8192] [#] Prevents Qh7+.} (36... Re7 $16 37. Rc6 (37. Rxe7 Qxe7 38. Kh2 Qf7 $16) 37... Re6) 37. Qc3+ $2 (37. Qc5 $1 $18) 37... Qe5 $14 38. Qc2 $2 (38. a3 $14) 38... Qe4 $1 $18 {[%emt 0:00:04] [#]} ({But not} 38... Re7 39. Rc6 (39. Rxe7 Qxe7 40. Kh2 Qf7 $16) 39... Re6 40. Kh2 $16) 39. Qc5 $1 a5 40. Kh2 ({And not} 40. Qxa5 Qe1+ 41. Qxe1 Rxe1+ 42. Kh2 Re2 $11) 40... Qe5 {[%emt 0:02:28] Against Qd6} (40... Kg8 $142 41. Qb6 (41. Qc3 Re7 $16) 41... Re6 42. Rc8+ Kf7 43. Qxa5 Kg6) 41. Qb6 Re6 42. Qb7 Kg8 43. Qc8+ Re8 44. Qd7 {[%emt 0:00:04] Intending Qh7+ and mate. White is clearly winning.} Qxc7 45. Qxc7 Re2 46. Qc5 Kg7 47. g4 {[%emt 0:00:05] Weighted Error Value: White=0.31/Black=0.21 (precise)} 1-0

[Event "Bangabandhu Premier Div League 2022"]
[Site "Dhaka"]
[Date "2022.12.09"]
[Round "10.7"]
[White "Rakhmanov, Aleksandr"]
[Black "Mitrabha, Guha"]
[Result "1/2-1/2"]
[ECO "E49"]
[WhiteElo "2630"]
[BlackElo "2474"]
[Annotator "TA"]
[PlyCount "104"]
[EventDate "2022.12.01"]
[EventCountry "BAN"]
[SourceTitle "playchess.com"]
[Source "ChessBase"]
[SourceQuality "1"]
[TimeControl "40/5400+30:1800+30"]

1. d4 Nf6 2. c4 e6 3. Nc3 Bb4 4. e3 O-O 5. Bd3 d5 6. a3 Bxc3+ 7. bxc3 dxc4 8. Bxc4 c5 9. Ne2 Qc7 10. Bd3 Nc6 {[%emt 0:00:00] 10...b6 is the recent fashion.} 11. O-O {[%emt 0:01:30] E49: Nimzo-Indian: Rubinstein: 5 Bd3 d5 6 a3 Bxc3+ 7 bxc3.} (11. dxc5 Ne5 $15) 11... e5 ({But not} 11... Ng4 12. Nf4 (12. dxc5 $2 Qxh2#) 12... Nf6 13. Bb2 $14 (13. dxc5 Rd8 $11)) (11... c4 12. Bxc4 e5 13. Bd3 $16) 12. Ng3 Be6 13. f4 {[%emt 0:00:30] The position is equal.} exd4 14. cxd4 (14. f5 $5 Bd7 15. cxd4 $11) 14... Rad8 15. Rb1 Rfe8 16. Nh5 Nxh5 17. Qxh5 f5 $1 18. dxc5 (18. Bxf5 Bxf5 19. Qxf5 cxd4) ({Reject} 18. d5 g6 19. Qe2 Bxd5 $15) 18... Bf7 19. Qe2 {[%emt 0:00:30] [#]} ({Much weaker is} 19. Qxf5 Bg6 20. Bc4+ Kh8 $17) 19... Nd4 $146 {[%emt 0:00:00] Against Qc2} ({Predecessor:} 19... Rd5 20. Qc2 Ne7 21. Bb2 Rxc5 22. Qa4 Nc6 23. Rfe1 Qd6 24. Rbd1 Rd5 25. Qc2 Rd8 {1-0 (56) Sarana,A (2670)-Vokhidov,S (2534) Chess.com INT 2022}) 20. Qf2 Nf3+ {[%emt 0:01:00][%mdl 64] [#] Discovered Attack} 21. Qxf3 Rxd3 22. Rxb7 Qxc5 {[%emt 0:01:00] Threatens to win with ...Bd5.} 23. Qf2 Rc3 24. Bb2 Rc2 (24... Rcxe3 $5 25. Be5 Qxa3 $14) 25. Bd4 Rxf2 26. Bxc5 Rxg2+ {[%emt 0:00:00][%mdl 64] [#] Decoy} 27. Kxg2 Bd5+ 28. Kg3 Bxb7 $11 {[%mdl 4096] Endgame KRB-KRB} 29. Rd1 a6 30. Rd7 Bc6 31. Rd6 Bb5 32. Rd5 g6 33. Rd6 Rc8 34. Bd4 Kf7 35. Rb6 Rc7 36. h4 Be2 37. Be5 Rd7 38. Kf2 Rd2 39. Ke1 Ra2 40. Rb4 {[%emt 0:00:30] And now Bb2 would win.} Rc2 41. Rb7+ Ke6 42. Rxh7 Bh5 43. Ra7 Kd5 44. Rd7+ Ke4 45. Rd2 {[%emt 0:00:00] Inhibits Re2+.} Rxd2 46. Kxd2 {[%emt 0:00:00] KB-KB} Bg4 47. Bd4 Bh3 48. Kc3 Kf3 49. Bb6 Bf1 50. Kd4 Kg4 51. Bd8 Bg2 52. Ke5 Kh5 {[%emt 0:01:30] Weighted Error Value: White=0.04 (flawless) /Black=0.04 (flawless)} 1/2-1/2

[Event "Bangabandhu Premier Div League 2022"]
[Site "Dhaka"]
[Date "2022.12.09"]
[Round "10.7"]
[White "Harsha Bharathakoti"]
[Black "Rahman, Syed Mahfuzur"]
[Result "1-0"]
[ECO "A06"]
[WhiteElo "2582"]
[BlackElo "2130"]
[Annotator "TA"]
[PlyCount "53"]
[EventDate "2022.11.30"]
[EventType "team-tourn"]
[EventCountry "BAN"]
[SourceTitle "playchess.com"]
[Source "ChessBase"]
[SourceQuality "1"]
[TimeControl "40/5400+30:1800+30"]

1. Nf3 d5 2. e3 c5 3. b3 Nc6 4. Bb5 Bg4 5. h3 Bd7 6. Bb2 {[%emt 0:01:47] A06: Réti Opening: 1 Nf3 d5.} Nf6 7. O-O g6 {[%emt 0:04:46] [#]} 8. Nc3 $146 {[%emt 0:19:11][%cal Oc3d5] Black must now prevent Nxd5! White has an edge.} ({Predecessor:} 8. Bxf6 exf6 9. d4 a6 10. Be2 Be6 11. c3 Bd6 12. dxc5 Bxc5 13. Nbd2 O-O 14. b4 {1-0 (82) Birke,A (2206)-Schoebel Kroehn,L (1969) Germany 2019}) 8... a6 9. Be2 {[%emt 0:02:12][%cal Oc3d5] aiming for Nxd5!} e5 10. d4 cxd4 11. exd4 e4 12. Ne5 Bd6 13. f4 O-O 14. Qd2 Rc8 15. Nd1 Ne7 16. Ne3 Ne8 17. c4 f6 {[%emt 0:02:08] Inhibits g4.} 18. cxd5 (18. g4 {simplifies} Be6 19. f5 dxc4 20. Bxc4 Bxc4 21. N5xc4 b5 22. Nxd6 Qxd6 23. Qg2) 18... fxe5 (18... b5 $11) 19. fxe5 $16 Rxf1+ 20. Rxf1 Bb8 $2 {[%emt 0:04:04] [#] This costs Black the game.} (20... Nf5 $16) 21. d6 $18 Nf5 22. Bc4+ Rxc4 23. bxc4 {[%emt 0:00:02][%cal Bb3c4,Bc4c5][%mdl 32] White is clearly winning.} ({Not} 23. Nxc4 b5 $16) 23... Qg5 24. Bc1 Ng3 (24... Qxe3+ $142 25. Qxe3 Nxe3) 25. Rf2 Ba7 26. c5 h5 27. Qb2 {[%emt 0:02:54] Weighted Error Value: White=0.03 (flawless) /Black=0.47} 1-0

[Event "Bangabandhu Premier Div League 2022"]
[Site "Dhaka"]
[Date "2022.12.09"]
[Round "10.8"]
[White "Mohammad Nubairshah Shaikh"]
[Black "Mehdi Hasan Parag"]
[Result "1-0"]
[ECO "A34"]
[WhiteElo "2439"]
[BlackElo "2185"]
[Annotator "TA"]
[PlyCount "39"]
[EventDate "2022.11.30"]
[EventType "team-tourn"]
[EventCountry "BAN"]
[SourceTitle "playchess.com"]
[Source "ChessBase"]
[SourceQuality "1"]
[TimeControl "40/5400+30:1800+30"]

1. Nf3 c5 2. c4 Nc6 3. Nc3 Nf6 4. g3 e5 5. Bg2 d6 6. O-O Be6 {[%emt 0:00:47] A34: Symmetrical English: 2 Nc3, lines with ...d5.} 7. d3 g6 8. a3 Bg7 {[%emt 0:00:41] White is slightly better.} 9. b4 O-O 10. Rb1 b6 {[%emt 0:04:12] [#]} (10... Rb8 $14) 11. Ng5 $146 ({Predecessor:} 11. Bg5 Rc8 12. Nd2 h6 13. Bxf6 Bxf6 14. e3 Bg7 15. Qa4 Bd7 16. b5 Na5 17. Nb3 Nxb3 18. Qxb3 {1-0 (33) Fernandez,D (2466)-Primbetov,K (2207) Chess.com INT 2020}) 11... Rc8 12. Nxe6 {[%emt 0:02:38] White is more active.} fxe6 13. bxc5 bxc5 14. Qa4 Qd7 15. Bd2 Rf7 16. Bxc6 Rxc6 17. Rb8+ Bf8 18. Rfb1 {[%emt 0:03:38] Against Rb6} Kg7 19. Bg5 Ng8 {[%emt 0:07:04] [#]} (19... Rc7 20. Bxf6+ Rxf6) 20. Bd8 {[%emt 0:05:08] White took control after the opening.   Weighted Error Value: White=0.03 (flawless) /Black=0.61} 1-0